 Dungeon Crawl Stone Soup version 0.23.2-30-g0e89c35649 (webtiles) character file.

Game seed: 4394683241960887565

624 Mrkan the Chopper (level 7, -4/56 HPs)
             Began as a Human Berserker on June 23, 2019.
             Was a Priest of Trog.
             Slain by Edmund
             ... wielding a +1 dire flail of protection
              (11 damage)
             ... on level 6 of the Dungeon.
             The game lasted 00:07:33 (4347 turns).

Mrkan the Chopper (Human Berserker)                 Turns: 4347, Time: 00:07:34

Health: -4/56      AC:  7    Str: 19    XL:     7   Next: 76%
Magic:  7/7        EV: 10    Int:  8    God:    Trog [***...]
Gold:   263        SH:  0    Dex: 12    Spells: 6/6 levels left

rFire    . . .     SeeInvis .   a - +0 hand axe
rCold    . . .     Gourm    .   (no shield)
rNeg     . . .     Faith    .   v - +1 scale mail
rPois    .         Spirit   .   (no helmet)
rElec    .         Reflect  .   r - scarf {repulsion}
rCorr    .         Harm     .   (no gloves)
MR       .....                  (no boots)
Stlth    ..........             (no amulet)
HPRegen  0.18/turn              (no ring)
MPRegen  0.10/turn              (no ring)

@: berserk cooldown, slowed, repel missiles, very slow
A: no striking features
a: Berserk, Trog's Hand, Renounce Religion


You were on level 6 of the Dungeon.
You worshipped Trog.
Trog was most pleased with you.
You were not hungry.

You visited 1 branch of the dungeon, and saw 6 of its levels.

You collected 263 gold pieces.

Inventory:

Hand Weapons
 a - a +0 hand axe (weapon)
Armour
 r - a scarf of repulsion (worn)
 v - a +1 scale mail (worn)
Jewellery
 x - an uncursed amulet of guardian spirit
Scrolls
 c - 3 scrolls of amnesia
 d - a scroll of magic mapping
 e - a scroll of enchant weapon {unknown}
 f - a scroll of teleportation
 h - a scroll of enchant armour
 j - a scroll of remove curse
 p - a scroll of blinking
 q - a scroll of fog {unknown}
 t - a scroll of noise {unknown}
Potions
 g - 2 potions of cancellation
 i - a potion of degeneration
 k - a potion of berserk rage {unknown}
 l - a potion of heal wounds {unknown}
 m - a potion of brilliance {unknown}
 o - 6 potions of curing
 s - a potion of agility {unknown}
 u - 2 potions of mutation {unknown}
 w - a potion of might {unknown}
Comestibles
 b - 2 chunks of flesh
 n - 7 rations


   Skills:
 + Level 5.0 Fighting
 * Level 6.6 Axes
 + Level 3.6 Armour
 - Level 2.0 Dodging


You had 6 spell levels left.
You didn't know any spells.
Your spell library was empty.

Dungeon Overview and Level Annotations

Branches:
Dungeon (6/15)
 Temple: D:4-7

Altars:
Okawaru
Vehumet
Yredelemnul

Annotations:
D:6 Edmund


Message History

b - 4 chunks of flesh You see here a bullfrog skeleton.
u - 2 lumpy amethyst potions (gained 1) Eat one of 4 chunks of flesh? (ye/n/q)
You eat one of the 4 chunks of flesh.
This raw flesh tastes terrible.
You are feeling hungry.
Eat one of 3 chunks of flesh? (ye/n/q)
You eat one of the 3 chunks of flesh.
This raw flesh tastes terrible.
Edmund the Younger comes into view.
He is wielding a +1 dire flail of protection.
Edmund shouts!
Edmund says, "People think my brother is the best.
I think he's crazy."
Edmund hits you with a +1 dire flail of protection!
* * * LOW HITPOINT WARNING * * *
An orc warrior comes into view.
It is wielding a +1 short sword of venom.
Edmund says, "What use are spells, anyway?"
Edmund hits you with a +1 dire flail of protection.
* * * LOW HITPOINT WARNING * * *
The orc warrior moves out of view.
Edmund hits you with a +1 dire flail of protection!
You die...

..........#
#........# .
#........## ..
#...<.<รท..#
...#.........##
..............#
..............#
..............#
.......@@.....#
......##.....##
...... #.....#
..... ##.......
.... .......#
..## ...#### #
.### ##


You could see Edmund.

Vanquished Creatures
  An ice beast (D:6)
  A centaur (D:5)
  A bullfrog (D:6)
  A crimson imp (D:5)
  A howler monkey (D:5)
  4 orc wizards
  A centaur skeleton (D:5)
  A gnoll (D:1)
  8 adders
  An ooze (D:3)
  An adder skeleton (D:4)
  A dart slug (D:1)
  2 leopard geckos
  12 orcs
  11 bats
  6 giant cockroaches
  2 gnoll zombies (D:2)
  9 goblins
  10 hobgoblins
  3 jackals (D:2)
  A quokka (D:5)
  2 frilled lizards
  A jackal skeleton (D:5)
  7 kobolds
  4 rats (D:2)
92 creatures vanquished.

Notes
Turn   | Place    | Note
-------+----------+-------------------------------------------
     0 | D:1      | Mrkan the Human Berserker began the quest for the Orb.
     0 | D:1      | Reached XP level 1. HP: 18/18 MP: 1/1
   208 | D:1      | Reached XP level 2. HP: 20/24 MP: 2/2
   370 | D:1      | Reached XP level 3. HP: 14/29 MP: 3/3
   728 | D:2      | Reached skill level 4 in Axes
   902 | D:2      | Found a basalt altar of Yredelemnul.
   975 | D:2      | Found a radiant altar of Vehumet.
  1017 | D:2      | Reached ** piety under Trog
  1017 | D:2      | Reached XP level 4. HP: 7/36 MP: 4/4
  1733 | D:2      | Reached XP level 5. HP: 24/42 MP: 5/5
  1881 | D:2      | Found an iron altar of Okawaru.
  2312 | D:3      | Reached skill level 5 in Axes
  2679 | D:4      | Reached XP level 6. HP: 23/48 MP: 6/6
  2818 | D:4      | Reached *** piety under Trog
  3251 | D:5      | Entered Level 5 of the Dungeon
  3413 | D:5      | Reached skill level 6 in Axes
  3413 | D:5      | Reached XP level 7. HP: 23/55 MP: 7/7
  4329 | D:6      | Reached skill level 5 in Fighting
  4342 | D:6      | Noticed Edmund
  4347 | D:6      | Slain by Edmund

Skill      XL: |  1  2  3  4  5  6  7 |
---------------+----------------------+-----
Axes           | 4 5 6 |  6.6
Fighting       | 4 5 |  5.0
Armour         | 3 |  3.6
Dodging        | |  2.0

Action                   |  1- 3 |  4- 6 |  7- 9 || total
-------------------------+-------+-------+-------++-------
Melee: Hand axe          |    74 |   204 |    77 ||   355
Invok: Berserk           |       |     2 |     2 ||     4
       Trog's Hand       |       |     1 |       ||     1
  Use: Scroll            |       |     4 |     7 ||    11
 Stab: Sleeping          |       |     2 |       ||     2
  Eat: Chunk             |       |     4 |     5 ||     9
       Ration            |       |     2 |       ||     2
Armor: Animal skin       |    22 |    32 |       ||    54
       Scale mail        |       |    23 |    35 ||    58
Dodge: Dodged            |    52 |   126 |    39 ||   217
       Deflected         |       |     1 |       ||     1
